 Dungeon Crawl Stone Soup version 0.29.1-2-gbd0b4ee654 (webtiles) character file.

Game seed: 8263801687050807037

117 raph the Stinger (level 4, -13/24 HPs)
             Began as a Deep Elf Venom Mage on Nov 30, 2022.
             Killed from afar by Natasha (25 damage)
             ... with a bolt of dispelling energy
             ... on level 3 of the Dungeon.
             The game lasted 00:05:29 (3385 turns).

raph the Stinger (Deep Elf Venom Mage)              Turns: 3385, Time: 00:05:30

Health: -13/24     AC:  4    Str:  5    XL:     4   Next: 71%
Magic:  0/11       EV: 12    Int: 22    God:
Gold:   93         SH:  0    Dex: 15    Spells: 0/10 levels left

rFire   . . .      SeeInvis .   n - +1 dagger (pain)
rCold   . . .      Faith    .   (no shield)
rNeg    . . .      Spirit   .   g - +2 robe {Will+}
rPois   .          Reflect  .   (no helmet)
rElec   .          Harm     .   (no cloak)
rCorr   .          Rampage  .   (no gloves)
Will    +....                   (no boots)
Stlth   ++........              (no amulet)
HPRegen 0.08/turn               (no ring)
MPRegen 0.12/turn               (no ring)

@: no status effects
A: no striking features
a: no special abilities


You were on level 3 of the Dungeon.
You visited 1 branch of the dungeon, and saw 3 of its levels.
You also visited: Sewer.

You collected 93 gold pieces.

Inventory:

Hand Weapons
 d - a +0 dagger
 n - a +1 dagger of pain (weapon)
Missiles
 o - 3 poisoned darts
Armour
 a - a +0 robe
 g - a +2 robe of willpower (worn)
Jewellery
 l - a ring of protection from cold
 m - an amulet of regeneration
Scrolls
 c - a scroll of teleportation
 h - 2 scrolls of identify {unknown}
 p - a scroll of blinking {unknown}
Potions
 b - a potion of magic
 f - 2 potions of invisibility {unknown}
 i - a potion of berserk rage
 j - a potion of lignification {unknown}
 k - 4 potions of curing {unknown}


   Skills:
 - Level 2.4 Dodging
 - Level 2.4 Stealth
 - Level 3.7 Spellcasting
 - Level 1.9 Conjurations
 - Level 1.1 Transmutations
 + Level 5.2 Poison Magic


You couldn't memorise any spells.
You knew the following spells:

 Your Spells              Type           Power      Damage    Failure   Level
a - Sting                 Tmut/Pois      72%        1d6       3%          1
b - Poisonous Vapours     Pois/Air       30%        N/A       6%          2
c - Mephitic Cloud        Conj/Pois/Air  14%        N/A       13%         3
d - Olgreb's Toxic Radia  Pois           27%        N/A       13%         4

Your spell library contained the following spells:

 Spells                   Type           Power      Damage    Failure   Level
 Frozen Ramparts          Ice            8%         1d2       34%         3
 Ice Form                 Ice/Tmut       6%         N/A       67%         4
 Summon Ice Beast         Ice/Summ       4%         N/A       75%         4


Dungeon Overview and Level Annotations

Branches:
Dungeon (3/15)              Sewer (visited)

Altars:

Shops:
D:3 (

Annotations:
D:3 Natasha


Message History

The ball python grabs you. The ball python constricts you.
You hit the ball python.
The ball python is severely wounded.
The ball python bites you but does no damage.
The ball python constricts you.
You hit the ball python.
You kill the ball python!
No target in view!
You start resting.
Your magical contamination has completely faded away.
Natasha, Servant of Life and Death comes into view.
She is carrying a wand of quicksilver (6).
Casting: Poisonous Vapours (safe; 6% risk of failure)
Confirm with . or Enter, or press ? or * to list all spells.
You begin to radiate toxic energy.
Natasha hisses angrily.
Natasha is poisoned.
Natasha looks even sicker.
You hear a bark!
Natasha casts a spell at you. The magic dart hits you.
Natasha looks even sicker.
Your toxic aura wanes.
Natasha casts a spell at you. The magic dart hits you!
A jackal comes into view.
Casting: Olgreb's Toxic Radiance (extremely dangerous; 13% risk of failure)
Confirm with . or Enter, or press ? or * to list all spells.
Aiming: Poisonous Vapours (safe; 6% risk of failure)
Press: ? - help, Dir - move target, f - jackal
Aim: a jackal Poisonous vapours surround the jackal!
The jackal is poisoned.
Casting: Poisonous Vapours (safe; 6% risk of failure)
Confirm with . or Enter, or press ? or * to list all spells.
You don't have enough magic to cast this spell.
Natasha extends her claws.
Natasha zaps a wand.
The bolt of dispelling energy hits the jackal!
The jackal dies!
The bolt of dispelling energy hits you!!
Ouch! That really hurt!
You die...

######### ...<..>#
#### #...#.#
#..####.@.#.###..
#.....†.....†.h..
##.####...#.####.
..........##...# #
##
###B########.(.#
.. #...# ## #####
################.#


You could see Natasha (very poisoned).

Vanquished Creatures
  Natasha (D:3)
  2 adders
  A river rat (D:3)
  2 worms
  A dart slug (D:2)
  9 bats
  3 endoplasms
  3 giant cockroaches
  5 goblins
  5 hobgoblins
  7 kobolds
  5 ball pythons
  7 frilled lizards (D:1)
  8 rats
59 creatures vanquished.

Vanquished Creatures (others)
  A jackal (D:3)
  9 plants (D:1)
10 creatures vanquished.

Grand Total: 69 creatures vanquished

Notes
Turn   | Place    | Note
-------+----------+-------------------------------------------
     0 | D:1      | raph the Deep Elf Venom Mage began the quest for the Orb.
     0 | D:1      | Reached XP level 1. HP: 10/10 MP: 6/6
    99 | D:1      | Found a faded altar of an unknown god.
   364 | D:1      | Reached XP level 2. HP: 15/15 MP: 6/8
   388 | D:1      | Learned a level 2 spell: Poisonous Vapours
   402 | D:1      | Reached skill level 4 in Poison Magic
  1000 | D:2      | Reached XP level 3. HP: 19/19 MP: 4/9
  1004 | D:2      | Learned a level 3 spell: Mephitic Cloud
  1661 | D:2      | Reached skill level 1 in Conjurations
  2554 | D:3      | Reached XP level 4. HP: 24/24 MP: 4/11
  2568 | D:3      | Reached skill level 5 in Poison Magic
  2740 | D:3      | Noticed Natasha
  2750 | D:3      | Killed Natasha
  2809 | D:3      | Found a glowing drain.
  2830 | Sewer    | Entered a sewer
  2936 | Sewer    | Learned a level 4 spell: Olgreb's Toxic Radiance
  2985 | Sewer    | Noticed a water moccasin
  3020 | D:3      | Found Goistraac's Antique Weapon Shop.
  3379 | D:3      | Noticed Natasha
  3385 | D:3      | Killed from afar by Natasha

Illustrated notes

Levels and vault maps discovered:
D:1:      minmay_arrival_five_plusses, layout_rooms,
          ebering_ecumenical_altar_webs, hex_tiny, minmay_misc_feat_room,
          minmay_lizard_king
D:2:      minmay_spotlight, layout_basic, moated_statue
D:3:      layout_basic, portal_sewer_entry_a, serial_shops,
          nicolae_shop_behind_doors, uniq_natasha

Skill      XL: |  1  2  3  4 |
---------------+-------------+-----
Poison Magic   | 4 5 |  5.2
Conjurations   | 1 |  1.9
Dodging        | |  2.4
Stealth        | |  2.4
Spellcasting   | |  3.7
Transmutations | |  1.1

Action                   |  1- 3 |  4- 6 || total
-------------------------+-------+-------++-------
Melee: Dagger            |    16 |    19 ||    35
       Punch             |       |     1 ||     1
 Cast: Sting             |    28 |     6 ||    34
       Poisonous Vapours |    48 |    20 ||    68
       Olgreb's Toxic Ra |       |     2 ||     2
  Use: Scroll            |       |     2 ||     2
 Stab: Sleeping          |     1 |       ||     1
Armor: Robe              |     6 |    14 ||    20
Dodge: Dodged            |    35 |    22 ||    57
